 Dungeon Crawl Stone Soup version 0.30-b1-2-g02819fbbbe (webtiles) character file.

Game seed: 11430420167146429914

335 raph the Magician (level 6, -1/32 HPs)
             Began as a Deep Elf Hedge Wizard on Oct 29, 2023.
             Slain by an iguana (8 damage)
             ... on level 4 of the Dungeon.
             The game lasted 00:09:44 (5368 turns).

raph the Magician (Deep Elf Hedge Wizard)           Turns: 5368, Time: 00:09:45

Health: -1/32      AC:  5    Str:  7    XL:     6   Next: 28%
Magic:  11/15      EV: 13    Int: 21    God:
Gold:   206        SH:  5    Dex: 14    Spells: 4/15 levels left

rFire   . . .        q - +2 dagger (venom)
rCold   . . .        (no shield)
rNeg    . . .        b - +0 robe
rPois   .            k - +1 helmet
rElec   .            r - +0 cloak
rCorr   .            (no gloves)
SInv    .            (no boots)
Will    .....        m - amulet of reflection
Stlth   ++           (no ring)
HPRegen 0.25/turn    (no ring)
MPRegen 0.14/turn

%: reflection
@: no status effects
A: no striking features
a: no special abilities


You were on level 4 of the Dungeon.
You visited 1 branch of the dungeon, and saw 4 of its levels.
You also visited: Sewer.

You collected 206 gold pieces.

Inventory:

Hand Weapons
 a - a +0 dagger
 p - a +2 dagger of draining
 q - a +2 dagger of venom (weapon)
Missiles
 e - a curare-tipped dart
Armour
 b - a +0 robe (worn)
 c - a +0 hat
 k - a +1 helmet (worn)
 r - a +0 cloak (worn)
Jewellery
 m - an amulet of reflection (around neck)
Scrolls
 d - 3 scrolls of teleportation
 f - a scroll of fear {unknown}
 g - 3 scrolls of identify
 n - a scroll of butterflies
 o - a scroll of magic mapping
 t - 3 scrolls of immolation {unknown}
Potions
 h - a potion of resistance
 i - 3 potions of heal wounds
 j - 2 potions of flight
 l - a potion of might
 s - a potion of invisibility {unknown}
 u - a potion of mutation {unknown}


   Skills:
 + Level 0.1 Fighting
 + Level 3.6 Dodging
 + Level 3.8 Stealth
 + Level 5.2 Spellcasting
 * Level 3.8 Conjurations
 * Level 3.7 Summonings
 - Level 1.3 Translocations
 + Level 1.0 Poison Magic


You had 4 spell levels left.
You knew the following spells:

 Your Spells              Type           Power      Damage    Failure   Level
a - Magic Dart            Conj           84%        1d7       2%          1
b - Call Imp              Summ           42%        N/A       3%          2
c - Blink                 Tloc           22%        N/A       10%         2
d - Cigotuvi's Dreadful   Necr/Pois/Air  12%        N/A       14%         2
e - Mephitic Cloud        Conj/Pois/Air  12%        N/A       16%         3
f - Slow                  Hex            20%        N/A       11%         1

Your spell library contained the following spells:

 Spells                   Type           Power      Damage    Failure   Level
 Manifold Assault         Tloc           11%        N/A       52%         4
 Dispersal                Tloc           5%         N/A       100%        6
 Disjunction              Tloc           5%         N/A       100%        8


Dungeon Overview and Level Annotations

Branches:
Dungeon (4/15)              Sewer (visited)
 Temple: D:4-7

Altars:
Elyvilon
Hepliaklqana
Qazlal


Message History

You see here a +0 hand axe.
You now have 206 gold pieces (gained 17).
You see here a scarf of invisibility.
u - a blue potion You see here a +0 scale mail.
An iguana comes into view.
Found an escape hatch in the floor.
The iguana hisses angrily.
The iguana moves out of view.
The iguana barely misses you.
You closely miss the iguana. The iguana bites you.
You barely miss the iguana. The iguana bites you!
You hit the iguana but do no damage.
The iguana is poisoned.
The iguana bites you. The iguana attacks as you move away!
The iguana closely misses you.
Casting: Magic Dart (safe; 2% risk of failure)
Confirm with . or Enter, or press ? or * to list all spells.
A tiny devil pulls itself out of the air.
The iguana bites you but does no damage.
You barely miss the iguana.
The iguana bites you but does no damage.
Your cerulean imp closely misses the iguana.
You closely miss the iguana.
The iguana is lightly wounded.
The iguana bites you!
* * * LOW HITPOINT WARNING * * *
Your cerulean imp hits the iguana with a -2 spear.
Your cerulean imp closely misses the iguana.
The iguana attacks as you move away! The iguana barely misses you.
Your cerulean imp hits the iguana but does no damage.
Casting: Call Imp (safe; 3% risk of failure)
Confirm with . or Enter, or press ? or * to list all spells.
Aiming: Mephitic Cloud (quite dangerous; 16% risk of failure)
Press: ? - help, Shift-Dir - straight line The ball explodes into a vile cloud!
The stinking cloud engulfs the iguana but does no damage.
The iguana is heavily wounded.
The iguana is engulfed in noxious fumes.
The iguana appears confused.
The iguana bites you!
You die...

#[# #.....#[#
##...##
#.###########.#.#.#
##.##
#.................#
############.##.###
# #.##.# .# #.##.#
#.#### #.##.#
#.>....
#.##.######...#
#....@l.5.....#
####...☼###...#
###### ####


You could see an iguana (confused, poisoned, ally target) and a friendly
cerulean imp (summoned).

Vanquished Creatures
  A sky beast (D:4)
  3 adders
  A worm (D:3)
  4 dart slugs
  7 orcs
  3 ball pythons
  5 bats
  2 endoplasms
  5 giant cockroaches
  13 goblins
  7 hobgoblins
  A jackal (D:4)
  4 quokkas
  4 frilled lizards
  9 kobolds
  8 rats
77 creatures vanquished.

Vanquished Creatures (collateral kills)
  Pargi (Sewer)
  2 adders
  2 endoplasms
  2 jackals (D:4)
  A kobold (D:4)
  A quokka (D:2)
9 creatures vanquished.

Vanquished Creatures (others)
  5 plants (D:4)
5 creatures vanquished.

Grand Total: 91 creatures vanquished

Notes
Turn   | Place    | Note
-------+----------+-------------------------------------------
     0 | D:1      | raph the Deep Elf Hedge Wizard began the quest for the Orb.
     0 | D:1      | Reached XP level 1. HP: 10/10 MP: 7/7
   347 | D:1      | Reached XP level 2. HP: 7/15 MP: 0/9
   386 | D:1      | Learned a level 2 spell: Call Imp
   389 | D:1      | Learned a level 2 spell: Blink
  1135 | D:1      | Reached XP level 3. HP: 19/19 MP: 4/11
  2059 | D:2      | Learned a level 2 spell: Cigotuvi's Dreadful Rot
  2063 | D:2      | Learned a level 3 spell: Mephitic Cloud
  2262 | D:2      | Found a stormy altar of Qazlal.
  2698 | D:2      | Found a faded altar of an unknown god.
  3056 | D:3      | Reached XP level 4. HP: 21/24 MP: 4/12
  3058 | D:3      | Learned a level 1 spell: Slow
  3268 | D:3      | Found a glowing drain.
  3276 | Sewer    | Entered a sewer
  3305 | Sewer    | Noticed Pargi
  3327 | Sewer    | Killed Pargi
  3328 | Sewer    | Reached skill level 5 in Spellcasting
  3328 | Sewer    | Reached XP level 5. HP: 24/28 MP: 3/14
  4560 | D:4      | Noticed a sky beast
  4845 | D:4      | Killed a sky beast
  4846 | D:4      | Reached XP level 6. HP: 15/32 MP: 9/15
  5090 | D:4      | Reached skill level 1 in Poison Magic
  5152 | D:4      | Found a hazy altar of Hepliaklqana.
  5262 | D:4      | Found a white marble altar of Elyvilon.
  5368 | D:4      | Slain by an iguana

Illustrated notes

Levels and vault maps discovered:
D:1:      sevenhm_arrival_forest_fort_small_1, layout_basic
D:2:      layout_loops_cross, dilly_ecumenical_altar_fadedgnrine, basic_altar,
          minmay_misc_feat_more_columns
D:3:      layout_basic, lightli_sewer_entry_pipes
D:4:      layout_loops_ring, nicolae_elyvilon_temple_path, marbit_many_paths

Skill      XL: |  1  2  3  4  5  6 |
---------------+-------------------+-----
Conjurations   | 2 3 |  3.8
Summonings     | 2 3 |  3.7
Stealth        | 3 |  3.8
Dodging        | 3 |  3.6
Spellcasting   | 5 |  5.2
Poison Magic   | 1 |  1.0
Fighting       | |  0.1
Translocations | |  1.3

Action                     |  1- 3 |  4- 6 || total
---------------------------+-------+-------++-------
  Melee: Dagger            |    20 |    59 ||    79
  Throw: Dart              |       |     2 ||     2
   Cast: Magic Dart        |   103 |    37 ||   140
         Call Imp          |    10 |    10 ||    20
         Slow              |       |     1 ||     1
         Mephitic Cloud    |       |     5 ||     5
         Blink             |       |     2 ||     2
    Use: Potion            |     1 |     5 ||     6
         Scroll            |       |     9 ||     9
   Stab: Sleeping          |     4 |     2 ||     6
         Confused          |       |     1 ||     1
 Armour: Robe              |    13 |    19 ||    32
  Dodge: Dodged            |    39 |    51 ||    90
  Block: Other             |       |    19 ||    19
         Reflection        |       |     3 ||     3
